 Dungeon Crawl Stone Soup version 0.25-a0-1133-g93ebf739aa (webtiles) character file.

Game seed: 6212329761818473695, levelgen mode: deterministic

100 kae the Ruffian (level 4, -1/38 HPs)
             Began as a Ghoul Gladiator on May 20, 2020.
             Slain by an orc wizard
             ... wielding a +0 dagger
              (2 damage)
             ... on level 3 of the Dungeon.
             The game lasted 00:01:56 (2159 turns).

kae the Ruffian (Ghoul Gladiator)                   Turns: 2159, Time: 00:01:57

Health: -1/38      AC:  4    Str: 17    XL:     4   Next: 74%
Magic:  3/3        EV: 12    Int:  4    God:
Gold:   107        SH:  0    Dex: 10    Spells: 3/3 levels left

rFire    . . .     SeeInvis .     - Unarmed
rCold    + . .     Gourm    .   (no shield)
rNeg     + + +     Faith    .   a - +0 leather armour
rPois    ∞         Spirit   .   b - +0 helmet
rElec    .         Reflect  .   (no cloak)
rCorr    .         Harm     .   (no gloves)
MR       .....                  (no boots)
Stlth    +.........             (no amulet)
HPRegen  0.00/turn              (no ring)
MPRegen  0.08/turn              (no ring)

@: rotting
A: rotting body, claws 1, carnivore, cold resistance 1, negative energy
resistance 3, inhibited regeneration, torment resistance, unbreathing
a: no special abilities


You were on level 3 of the Dungeon.
You were not hungry.

You visited 1 branch of the dungeon, and saw 3 of its levels.

You collected 107 gold pieces.

Inventory:

Missiles
 c - 3 throwing nets (quivered)
Armour
 a - a +0 leather armour (worn)
 b - a +0 helmet (worn)
Wands
 g - a wand of random effects (23)
Potions
 e - a potion of haste
 f - a potion of curing
 h - a potion of flight {unknown}
 i - 2 potions of degeneration {unknown}
 j - a potion of invisibility {unknown}
Comestibles
 d - 6 rations


   Skills:
 + Level 3.4 Fighting
 - Level 1.7 Throwing
 - Level 2.6 Dodging
 * Level 5.2 Unarmed Combat


You had 3 spell levels left.
You didn't know any spells.
Your spell library was empty.

Dungeon Overview and Level Annotations

Branches:
Dungeon (3/15)

Altars:
Ru


Innate Abilities, Weirdness & Mutations

Your body is rotting away.
You thrive on raw meat.
You are immune to poison.
You have sharp fingernails.
You are carnivorous and can eat meat at any time.
Your flesh is cold resistant. (rC+)
You are immune to negative energy. (rN+++)
You do not regenerate when monsters are visible.
You are immune to unholy pain and torment.
You can survive without breathing.


Message History

You scratch the orc wizard but do no damage.
The orc wizard is moderately wounded.
You claw the orc wizard!
The orc wizard is severely wounded.
The orc wizard barely misses you.
You closely miss the orc wizard.
The orc wizard is severely wounded.
The orc wizard looks braver for a moment.
You barely miss the orc wizard.
The orc wizard is severely wounded.
The orc wizard hits you but does no damage.
You closely miss the orc wizard.
The orc wizard is severely wounded.
The orc wizard gestures at you while chanting.
The magic dart hits you.
* * * LOW HITPOINT WARNING * * *
You barely miss the orc wizard.
The orc wizard is severely wounded.
The orc wizard hits you with a +0 dagger.
You die...

..#o#..#
#.....######
#
#...........
#. #.....# .?
####..#
#.#####?.#
#........#
###
#.##o#..##
#.. ##@###.#
#.# ##.##
##.#
#.#####.##
#..
#........##
###
#.........#
#>.#######.#
#..# #.#
##<########.#
#......... #


You could see an orc wizard.

Vanquished Creatures
  Ijyb (D:2)
  An adder (D:2)
  A worm (D:2)
  A dart slug (D:2)
  3 leopard geckos
  2 orcs (D:3)
  3 ball pythons (D:1)
  7 bats
  A giant cockroach (D:2)
  13 goblins
  3 hobgoblins (D:1)
  3 jackals (D:1)
  3 frilled lizards (D:1)
  5 kobolds
  5 rats
52 creatures vanquished.

Notes
Turn   | Place    | Note
-------+----------+-------------------------------------------
     0 | D:1      | kae the Ghoul Gladiator began the quest for the Orb.
     0 | D:1      | Reached XP level 1. HP: 17/17 MP: 0/0
   138 | D:1      | Reached XP level 2. HP: 20/25 MP: 1/1
   337 | D:1      | Reached skill level 4 in Unarmed Combat
   459 | D:1      | Reached XP level 3. HP: 30/30 MP: 2/2
  1052 | D:2      | Noticed Ijyb
  1067 | D:2      | Killed Ijyb
  1067 | D:2      | Reached XP level 4. HP: 8/38 MP: 3/3
  1399 | D:2      | Reached skill level 5 in Unarmed Combat
  1599 | D:2      | Found a sacrificial altar of Ru.
  2158 | D:3      | HP: 1/38 [orc wizard/magic dart (6)]
  2159 | D:3      | Slain by an orc wizard

Illustrated notes

Levels and vault maps discovered:
D:1:      sevenhm_arrival_forest_fort_small_5, layout_loops_ring,
          minmay_misc_feat_ornament
D:2:      kennysheep_the_goblin_king, layout_rooms, serial_co_window_serial,
          co_window_paths_a, co_window_corner_a, co_window_of_opportunity_a,
          co_window_of_opportunity_a, co_window_paths_a,
          co_window_unsneaky_path_a, co_window_corner_cb, co_window_broadway_b,
          co_window_corner_cb, co_window_of_opportunity_c, co_window_broadway_b,
          co_window_sun, glass_columns_c, glass_columns_b, glass_columns_a,
          glass_columns_b, glass_columns_b, nicolae_ru_the_path_less_chosen
D:3:      layout_loops_ring, chequers_ecumenical_altar_lobes,
          fedhas_altar_fruit_tree, uniq_crazy_yiuf_cottage

Skill      XL: |  1  2  3  4 |
---------------+-------------+-----
Unarmed Combat | 4 5 |  5.2
Fighting       | 3 |  3.4
Throwing       | |  1.7
Dodging        | |  2.6

Action                   |  1- 3 |  4- 6 || total
-------------------------+-------+-------++-------
Melee: Unarmed           |   139 |    56 ||   195
       Punch             |     4 |     1 ||     5
  Use: Scroll            |     1 |     3 ||     4
  Eat: Chunk             |     9 |     5 ||    14
Armor: Leather armour    |    52 |     8 ||    60
Dodge: Dodged            |    99 |    25 ||   124

Table legend:
 A = Non-vault XP
 B = Vault XP
 C = Vault XP percentage of total XP
 D = Non-vault monster count
 E = Vault monster count
 F = Vault count percentage of total count
                 A         B        C        D         E       F
            +---------+---------+-------+---------+---------+-------
      Total |      97 |      47 |  32.6 |      45 |       7 |  13.5
            +---------+---------+-------+---------+---------+-------
        D:1 |      48 |       7 |  12.7 |      30 |       4 |  11.8
        D:2 |      43 |      40 |  48.2 |      13 |       3 |  18.8
        D:3 |       6 |       0 |   0.0 |       2 |       0 |   0.0
            +---------+---------+-------+---------+---------+-------
